AoeStats
← ERROR 404

African Clearing

510474498Analyzed
4v4 RM · 15h ago on Oct 1, 2026· 62m 53s· 8 players
Game mode
Random Map
Map size
Large (8 player)
Population
200
Speed
Normal
Resources
Standard
Victory
Conquest
Starting age
Dark Age
Ending age
Imperial Age
RankedLock teamsTeams togetherTeam positionsShared explorationLock speedFull tech treeHidden civsTurbo modeCheats
Victory
Defeat
🇨🇱 Teutons · Chile
1099
+14
🇨🇳 Mongols · China
1047
+16
🇵🇪 Inca · Peru
1021
+17
🇨🇦 Saxons · Canada
1012
+17
🇨🇳 Persians · China
1079
-17
🇦🇷 Hindustanis · Argentina
1048
-16
🇮🇳 Huns · India
1034
-16
🇲🇽 Danes · Mexico
1008
-15
Lumi.S
13:20 Feudal Age
17:27 Castle Age
15:48 Double-Bit Axe
18:23 Loom
19:31 Bow Saw
22:46 Horse Collar
26:09 Crossbowman
28:00 Gold Mining
29:31 Wheelbarrow
29:52 Fletching
31:35 Thumb Ring
32:57 Gold Shaft Mining
32:58 Stone Mining
35:53 Imperial Age
34:47 Ballistics
34:51 Hand Cart
35:03 Heavy Plow
35:27 Bodkin Arrow
35:33 Padded Archer Armor
35:51 Squires
35:37 Arson
35:38 Gambesons
36:46 Forging
37:48 Chemistry
36:45 Arbalester
38:05 Block Printing
39:32 Caravan
40:07 Conscription
40:30 Iron Casting
39:55 Scale Mail Armor
41:00 Crop Rotation
43:18 Clerical Recruitment
49:16 Shield Wall
51:37 Two-Man Saw
50:55 Guilds
50:35 Elite Varangian Guard
52:54 Onager
53:40 Town Watch
57:28 Bracer
57:44 Leather Archer Armor
57:45 Chain Mail Armor
57:03 Elite Hearth Troop
58:03 Siege Engineers
63:17 Murder Holes
APOLO
10:38 Feudal Age
14:19 Loom
14:49 Double-Bit Axe
18:10 Castle Age
19:43 Bow Saw
19:13 Horse Collar
22:53 Gold Mining
22:56 Champi Runner
25:07 Scale Mail Armor
25:17 Forging
26:02 Wheelbarrow
25:55 Champi Warrior
27:47 Town Watch
28:57 Hand Cart
30:53 Pikeman
31:33 Squires
33:43 Chain Mail Armor
34:53 Iron Casting
37:59 Gold Shaft Mining
37:25 Heavy Plow
42:28 Imperial Age
42:17 Padded Archer Armor
42:08 Fletching
42:47 Town Patrol
44:48 Crop Rotation
43:50 Elite Champi Warrior
47:18 Halberdier
49:51 Plate Mail Armor
50:22 Blast Furnace
50:55 Leather Archer Armor
50:35 Bodkin Arrow
57:26 Stone Mining
62:28 Stone Shaft Mining
pegador
8:34 Loom
12:54 Feudal Age
14:22 Feudal Age
16:14 Wheelbarrow
16:39 Town Watch
21:22 Castle Age
20:22 Double-Bit Axe
20:26 Horse Collar
22:19 Hand Cart
23:04 Bow Saw
23:11 Heavy Plow
34:27 Ballistics
34:50 Stone Mining
35:24 Forging
35:14 Scale Mail Armor
37:07 Iron Casting
36:32 Scale Mail Armor
40:48 Imperial Age
39:30 Ironclad
40:13 Padded Archer Armor
40:07 Fletching
40:19 Padded Archer Armor
42:43 Blast Furnace
41:58 Chain Mail Armor
43:25 Bodkin Arrow
43:45 Leather Archer Armor
44:32 Elite Teutonic Knight
45:36 Conscription
44:51 Capped Ram
44:59 Man-at-Arms
45:26 Gambesons
45:29 Arson
45:44 Guard Tower
46:08 Cavalier
47:21 Elite Skirmisher
48:40 Plate Mail Armor
49:39 Crenellations
49:35 Bloodlines
50:07 Town Patrol
49:56 Arrowslits
51:14 Chemistry
53:56 Ring Archer Armor
54:31 Squires
55:27 Heavy Mounted Crossbowman
61:23 Paladin
狡猾的猪妖
8:47 Loom
13:14 Feudal Age
13:58 Double-Bit Axe
14:58 Wheelbarrow
27:16 Castle Age
25:13 Fletching
26:00 Stone Mining
26:48 Padded Archer Armor
27:25 Crossbowman
28:04 Bodkin Arrow
28:26 Gold Mining
32:21 Husbandry
34:11 Horse Collar
36:40 Fishing Lines
37:13 Bloodlines
38:42 Gillnets
39:15 Ballistics
39:43 Gold Shaft Mining
45:40 Imperial Age
43:26 Hand Cart
44:57 Leather Archer Armor
44:47 Scale Barding Armor
45:58 Forging
46:56 Heavy Plow
47:46 Conscription
49:03 Chemistry
48:23 Bracer
49:20 Parthian Tactics
49:52 Elite Mangudai
51:34 Thumb Ring
53:15 Hoardings
53:00 Light Cavalry
55:15 Drill
56:47 Bow Saw
57:31 Capped Ram
57:55 Hussar
59:09 Siege Ram
60:02 Onager
61:40 Stone Shaft Mining
61:31 Siege Onager
62:48 Nomads
[GDL] Wenjie
2:57 Loom
14:22 Feudal Age
18:54 Castle Age
17:17 Double-Bit Axe
17:42 Horse Collar
28:28 Wheelbarrow
28:07 Bow Saw
30:42 Heavy Plow
31:24 Stone Mining
31:25 Gold Mining
37:09 Imperial Age
34:04 Elite Skirmisher
35:11 Crossbowman
35:56 Thumb Ring
36:08 Pikeman
37:06 Forging
36:56 Scale Mail Armor
38:32 Fletching
38:42 Padded Archer Armor
38:55 Capped Ram
41:29 Thumb Ring
41:45 Bodkin Arrow
42:05 Leather Archer Armor
43:40 Halberdier
46:50 Hand Cart
46:20 Town Watch
47:15 Iron Casting
46:55 Chain Mail Armor
46:42 Bracer
47:12 Ring Archer Armor
46:37 Hamask
46:59 Heavy Scorpion
47:59 Man-at-Arms
48:24 Gambesons
49:44 Scale Barding Armor
50:00 Light Cavalry
50:50 Bloodlines
55:41 Blast Furnace
55:01 Chain Barding Armor
54:43 Onager
58:26 Plate Barding Armor
ERROR 404
7:47 Loom
15:29 Feudal Age
21:37 Castle Age
21:12 Bloodlines
24:13 Forging
24:08 Scale Barding Armor
27:58 Double-Bit Axe
31:57 Wheelbarrow
31:53 Bow Saw
32:50 Stone Mining
33:19 Hand Cart
37:27 Imperial Age
35:41 Gold Mining
36:07 Husbandry
37:56 Iron Casting
37:48 Heavy Camel Rider
39:17 Gold Shaft Mining
40:34 Blast Furnace
39:38 Horse Collar
41:17 Chain Barding Armor
43:04 Padded Archer Armor
42:55 Fletching
43:49 Thumb Ring
44:09 Ballistics
44:49 Chemistry
45:51 Heavy Plow
45:34 Heavy Cavalry Archer
46:47 Conscription
52:09 Leather Archer Armor
51:50 Bodkin Arrow
54:34 Bracer
雅硬雅重
4:45 Loom
15:32 Feudal Age
22:23 Castle Age
20:55 Horse Collar
24:36 Wheelbarrow
28:46 Hand Cart
32:15 Double-Bit Axe
32:31 Town Watch
33:45 Bow Saw
38:52 Stone Mining
38:52 Gold Mining
45:51 Imperial Age
45:12 Heavy Plow
46:20 Husbandry
46:30 Bloodlines
45:43 Elite Skirmisher
45:45 Crossbowman
46:31 Thumb Ring
46:50 Conscription
48:13 Crop Rotation
48:44 Two-Man Saw
49:18 Chemistry
48:38 Ballistics
49:20 Citadels
49:12 Kamandaran
50:21 Padded Archer Armor
50:11 Fletching
50:27 Scale Barding Armor
50:32 Forging
快乐的小跑
15:16 Feudal Age
15:11 Loom
16:02 Town Watch
21:36 Castle Age
22:46 Double-Bit Axe
23:52 Bloodlines
23:43 Husbandry
27:57 Fletching
32:17 Bodkin Arrow
35:11 Stone Mining
39:01 Imperial Age
37:33 Forging
39:46 Scale Barding Armor
40:17 Iron Casting
40:01 Masonry
42:15 Bracer
43:16 Blast Furnace
43:36 Chain Barding Armor
44:47 Chemistry
44:34 Marauders
Connection lost

Rejoining the realm…

Still unreachable

The connection could not be restored.

Session expired

The server has moved on; the page needs a fresh start.